 Dungeon Crawl Stone Soup version 0.13-a0-2538-gc238810 (webtiles) character file.

276 Juliette the Shield-Bearer (level 5, -3/46 HPs)
             Began as a Hill Orc Fighter on July 28, 2013.
             Slain by Sigmund
             ... wielding a +1,+0 scythe
              (6 damage)
             ... on Level 3 of the Dungeon.
             The game lasted 00:10:05 (2211 turns).

Juliette the Shield-Bearer (Hill Orc Fighter)       Turns: 2211, Time: 00:10:05

HP  -3/46        AC  8     Str 20      XL: 5   Next:  0%
MP   4/4         EV 15     Int  8      God:
Gold 160         SH  0     Dex 15      Spells:  0 memorised,  4 levels left

Res.Fire  : . . .   See Invis. : .   a - +0 orc mace
Res.Cold  : . . .   Warding    : .   b - +0 orc scale mail
Life Prot.: . . .   Conserve   : .   c - +0 orc shield
Res.Poison: .       Res.Corr.  : .   (no helmet)
Res.Elec. : .       Clarity    : .   (no cloak)
Sust.Abil.: . .     Spirit.Shd : .   (no gloves)
Res.Mut.  : .       Rnd.Telep. : +   h - +0 pair of boots
Res.Rott. : .       Flight     : .   (no amulet)
Saprovore : + . .                    m - cursed ring of teleportation
                                     k - cursed +3 ring of evasion

@: confused, agile, slightly resistant to hostile enchantments, extremely
unstealthy
A: saprovore 1
a: Evoke Teleportation


You were on level 3 of the Dungeon.
You were hungry.

You visited 1 branch of the dungeon, and saw 3 of its levels.

You collected 140 gold pieces.

Inventory:

Hand weapons
 a - a +0,+0 orcish mace (weapon)
 e - a -1,+0 orcish whip
 i - a +0,+1 orcish whip
 t - a +0,+0 whip
Armour
 b - a +0 orcish scale mail (worn)
 c - a +0 orcish shield (worn)
 h - a +0 pair of boots (worn)
Comestibles
 d - 2 meat rations
 f - a rotting chunk of giant cockroach flesh
 j - a pear
 l - 3 bread rations
 o - a rotting chunk of adder flesh
 p - a chunk of adder flesh
 q - 2 chunks of quokka flesh
 u - 14 grapes
Scrolls
 n - 2 scrolls of teleportation {unknown}
Jewellery
 k - a cursed +3 ring of evasion (left hand)
 m - a cursed ring of teleportation (right hand)


   Skills:
 - Level 4.1 Fighting
 * Level 2.5 Maces & Flails
 - Level 4.1 Armour
 - Level 5.0 Shields


You had 4 spell levels left.
You didn't know any spells.

Dungeon Overview and Level Annotations

Branches:
Dungeon (3/27)

Altars:
Cheibriados
Kikubaaqudgha
Vehumet
Xom

Annotations
D:3 Sigmund


Innate Abilities, Weirdness & Mutations

You can tolerate rotten meat.


Message History

You block its attack.
Found a cloak.
It hits you.
You hear some strange, mumbled words.
You are confused.
You hear some strange, mumbled words.
The puff of flame hits you! The magic dart hits you!
* * * LOW HITPOINT WARNING * * *
It hits you.
* * * LOW HITPOINT WARNING * * *
It hits you but does no damage.
You are feeling hungry.
It barely misses you.
Your shield and scale mail prevent you from hitting it.
You hear some strange, mumbled words.
You are more confused.
It hits you but does no damage.
You smell something rotten. (slot o) It hits you.
You die...

#....................._..
#..###############..#....
#..# #..##_.) #..#
#..#....
#..###############...P_..
#....................P#.P
#.....{...............#.#
#.............##########.
#.......@................
#.......<................
#........................
#....[.................##
#........................
#........................
.................(......
......................#
..... .............#


There were no monsters in sight!

Vanquished Creatures
  6 adders
  A worm (D:2)
  A giant gecko (D:1)
  An orc (D:3)
  4 giant cockroaches
  6 hobgoblins
  4 jackals (D:1)
  10 bats
  2 giant newts (D:2)
  5 goblins
  6 kobolds
  2 quokkas
  8 rats
  A plant (D:2)
57 creatures vanquished.

Notes
Turn   | Place    | Note
--------------------------------------------------------------
     0 | D:1      | Juliette, the Hill Orc Fighter, began the quest for the Orb.
     0 | D:1      | Reached XP level 1. HP: 19/19 MP: 0/0
    73 | D:1      | Reached skill level 4 in Fighting
   106 | D:1      | Reached XP level 2. HP: 27/27 MP: 1/1
   208 | D:1      | Found a shimmering altar of Xom.
   208 | D:1      | Found a shimmering altar of Xom.
   208 | D:1      | Found a shimmering altar of Xom.
   209 | D:1      | Found a shimmering altar of Xom.
   209 | D:1      | Found a shimmering altar of Xom.
   402 | D:1      | Reached XP level 3. HP: 33/33 MP: 2/2
  1274 | D:2      | Found a snail-covered altar of Cheibriados.
  1289 | D:2      | Reached skill level 5 in Shields
  1289 | D:2      | Reached XP level 4. HP: 37/40 MP: 3/3
  1947 | D:3      | Found an ancient bone altar of Kikubaaqudgha.
  1947 | D:3      | Found a snail-covered altar of Cheibriados.
  1947 | D:3      | Found a radiant altar of Vehumet.
  2142 | D:3      | Noticed Sigmund
  2144 | D:3      | Reached XP level 5. HP: 46/46 MP: 4/4
  2206 | D:3      | HP: 2/46 [something (4)]
  2211 | D:3      | Slain by Sigmund

Action                   |  1- 3 |  4- 6 || total
-------------------------+-------+-------++-------
Melee: Mace              |    95 |    81 ||   176
       Whip              |    71 |       ||    71
  Use: Scroll            |       |     4 ||     4
       Potion            |       |     4 ||     4
